 Dungeon Crawl Stone Soup version 0.19.5 (webtiles) character file.

110 Hybris the Sneak (level 4, 0/29 HPs)
             Began as an Octopode Assassin on Mar 23, 2017.
             Slain by a worm (10 damage)
             ... on level 2 of the Dungeon.
             The game lasted 00:05:58 (1779 turns).

Hybris the Sneak (Octopode Assassin)                Turns: 1779, Time: 00:05:59

Health: 0/29       AC:  1    Str: 10    XL:     4   Next: 91%
Magic:  4/4        EV: 14    Int: 13    God:
Gold:   75         SH:  0    Dex: 14    Spells: 0 memorised, 3 levels left

rFire  . . .     SeeInvis .     e - +0 hunting sling
rCold  . . .     Gourm    .     (no shield)
rNeg   . . .     Faith    .     (helmet restricted)
rPois  .         Spirit   .     (no amulet)
rElec  .         Reflect  .     (no ring)
rCorr  .         Harm     .     (no ring)
MR     .....                    (no ring)
Stlth  ++++......               (no ring)
                                (no ring)
                                (no ring)
                                (no ring)
                                (no ring)

@: no status effects
A: almost no armour, stealthy swim, amphibious, 8 rings, constrict 8, camouflage
1, gelatinous body 1
a: no special abilities


You were on level 2 of the Dungeon.
You were hungry.

You visited 1 branch of the dungeon, and saw 2 of its levels.

You collected 75 gold pieces.

Inventory:

Hand Weapons
 a - a +2 dagger
 b - a +0 blowgun
 e - a +0 hunting sling (weapon)
Missiles
 c - 8 poisoned needles
 d - 8 curare-tipped needles
 h - 21 stones (quivered)
 p - 19 sling bullets
Scrolls
 g - 2 scrolls of identify {unknown}
 m - a scroll of fear {unknown}
 n - a scroll of immolation {unknown}
Potions
 i - a potion of agility {unknown}
 j - 2 potions of curing
 k - a potion of heal wounds {unknown}
 l - a potion of magic {unknown}
 o - a potion of brilliance {unknown}
 r - 2 potions of haste {unknown}
 s - a potion of berserk rage {unknown}
Comestibles
 f - 2 bread rations
 q - a beef jerky


   Skills:
 - Level 2.0 Fighting
 - Level 2.8 Short Blades
 * Level 2.8(3.2) Slings
 - Level 2.0(2.7) Throwing
 + Level 2.5 Dodging
 - Level 5.3 Stealth


You had 3 spell levels left.
You didn't know any spells.

Dungeon Overview and Level Annotations

Branches:
Dungeon (2/15)

Altars:


Innate Abilities, Weirdness & Mutations

You cannot wear most types of armour.
You are very stealthy in the water. (Stealth+)
You are amphibious.
You can wear up to eight rings at the same time.
You can use your tentacles to constrict eight enemies at once.
Your skin changes colour to match your surroundings (Stealth+).
Your rubbery body absorbs attacks. (AC +1, EV +1)


Message History

Firing (i - inventory. (,) - cycle):
h - 25 stones (quivered)
Press: ? - help, Shift-Dir - straight line, f/p - worm
Aim: a worm (severely wounded)
You shoot a stone. The stone barely misses the worm.
The worm misses you.
Firing (i - inventory. (,) - cycle):
h - 24 stones (quivered)
Press: ? - help, Shift-Dir - straight line, f/p - worm
Aim: a worm (severely wounded)
You shoot a stone. The stone completely misses the worm.
Firing (i - inventory. (,) - cycle):
h - 23 stones (quivered)
Press: ? - help, Shift-Dir - straight line, f/p - worm
Aim: a worm (severely wounded)
You shoot a stone.
The stone hits the worm but does no damage.
The worm is severely wounded.
The worm bites you.
Firing (i - inventory. (,) - cycle):
h - 22 stones (quivered)
Press: ? - help, Shift-Dir - straight line, f/p - worm
Aim: a worm (severely wounded)
You shoot a stone. The stone barely misses the worm.
The worm bites you!
You die...

# #.##.# #...#♣..♣)P))...#
#####.##.# #####♣♣♣)♣.P#...#
....#.##.# ♣♣♣♣♣##..#
#.#.#.##.##### #..#
##........(..##### ###...
##..............# #.#..#
##...........###.# ##.#..#
#................##########......
................@w((((.(...(.....
........<........##########.((...
##...).......##..............#.##
.........[.#.###.#####.....)...#
##...).......# #.......#########
############# #########


You could see a worm.

Vanquished Creatures
  Crazy Yiuf (D:2)
  Robin (D:2)
  An adder (D:2)
  A dart slug (D:1)
  3 leopard geckos
  4 bats
  A giant cockroach (D:1)
  13 goblins
  7 hobgoblins
  4 jackals (D:1)
  3 quokkas (D:2)
  4 frilled lizards (D:2)
  5 kobolds
  3 rats
51 creatures vanquished.

Notes
Turn   | Place    | Note
-------+----------+-------------------------------------------
     0 | D:1      | Hybris the Octopode Assassin began the quest for the Orb.
     0 | D:1      | Reached XP level 1. HP: 14/14 MP: 1/1
   361 | D:1      | Reached XP level 2. HP: 19/19 MP: 2/2
   757 | D:2      | Reached skill level 1 in Slings
   757 | D:2      | Reached XP level 3. HP: 24/24 MP: 3/3
  1153 | D:2      | Found a runed door.
  1158 | D:2      | Noticed Crazy Yiuf
  1170 | D:2      | Killed Crazy Yiuf
  1170 | D:2      | Reached XP level 4. HP: 16/29 MP: 1/4
  1326 | D:2      | Noticed Robin
  1349 | D:2      | Killed Robin
  1779 | D:2      | Slain by a worm

Skill      XL: |  1  2  3 |
---------------+----------+-----
Slings         | 1 2 |  2.8
Dodging        | 2 |  2.5
Fighting       | |  2.0
Short Blades   | |  2.8
Throwing       | |  2.0
Stealth        | |  5.3

Action                   |  1- 3 |  4- 6 || total
-------------------------+-------+-------++-------
Melee: Dagger            |     3 |    17 ||    20
       Tentacles         |     1 |     4 ||     5
       Constrict         |       |     4 ||     4
 Fire: Hunting sling     |   100 |    40 ||   140
  Use: Potion            |     1 |       ||     1
  Eat: Chunk             |       |     2 ||     2
Armor: Skin              |       |     2 ||     2
Dodge: Dodged            |    30 |    12 ||    42
